 Dungeon Crawl Stone Soup version 0.28-a0-1493-g08698888e4 (webtiles) character file.

Game seed: 3247939071711198252

11 shadowrider38 the Sneak (level 2, -1/22 HPs)
             Began as a Vampire Hunter on Jan 12, 2022.
             Slain by an adder (3 damage)
             ... on level 1 of the Dungeon.
             The game lasted 00:05:16 (1700 turns).

shadowrider38 the Sneak (Vampire Hunter)            Turns: 1700, Time: 00:05:17

Health: -1/22      AC:  6    Str: 11    XL:     2   Next: 13%
Magic:  2/2        EV:  9    Int: 13    God:
Gold:   30         SH:  0    Dex: 14    Spells: 1/1 levels left

rFire   . . .      SeeInvis +   a - +2 whip (elec)
rCold   . . .      Faith    .   (no shield)
rNeg    . . .      Spirit   .   h - +0 scale mail
rPois   .          Reflect  .   (no helmet)
rElec   .          Harm     .   (no cloak)
rCorr   .          Rampage  .   (no gloves)
Will    .....                   (no boots)
Stlth   +.........              (no amulet)
HPRegen 0.27/turn               (no ring)
MPRegen 0.08/turn               (no ring)

@: lethally poisoned (-1 -> -7), healing quickly
A: alive, fangs 3, see invisible, vampiric 1
a: Exsanguinate


You were on level 1 of the Dungeon.
You visited 1 branch of the dungeon, and saw 2 of its levels.

You collected 30 gold pieces.

Inventory:

Hand Weapons
 a - a +2 whip of electrocution (weapon)
Missiles
 c - 6 javelins (quivered)
 d - 2 throwing nets
Armour
 h - a +0 scale mail (worn)
Magical Staves
 f - a staff of conjuration
Scrolls
 e - a scroll of enchant armour {unknown}
 g - a scroll of amnesia {unknown}
Potions
 b - a potion of lignification {unknown}


   Skills:
 - Level 1.7 Fighting
 - Level 3.2 Throwing
 - Level 2.1 Dodging
 + Level 3.6 Stealth


You had one spell level left.
You didn't know any spells.
Your spell library was empty.

Dungeon Overview and Level Annotations

Branches:
Dungeon (2/15)

Altars:


Innate Abilities, Weirdness & Mutations

Your natural rate of healing is accelerated.
You have razor-sharp teeth.
You have supernaturally acute eyesight. (SInv)
You are afflicted with vampirism.


Message History

The adder is moderately wounded.
The adder bites you but does no damage.
You miss the adder.
The adder is moderately wounded.
The adder closely misses you. The adder barely misses you.
You barely miss the adder.
The adder is moderately wounded.
The adder bites you.
You are poisoned.
The adder poisons you!
You miss the adder.
The adder is moderately wounded.
You feel sick. The adder closely misses you. The adder barely misses you.
You hit the adder.
The adder is almost dead.
You feel sick. The adder bites you but does no damage.
You closely miss the adder. Your bite misses the adder.
The adder is almost dead.
You feel sick. The adder bites you.
You are more poisoned.
The adder poisons you! The adder closely misses you.
You miss the adder.
The adder is almost dead.
You feel sick. The adder closely misses you.
You closely miss the adder.
The adder is almost dead.
You feel sick. The adder closely misses you.
You miss the adder.
The adder is almost dead.
You feel sick. The adder bites you.
* * * LOW HITPOINT WARNING * * *
You are lethally poisoned!
The adder poisons you! The adder barely misses you.
Unknown command.
You closely miss the adder. You bite the adder, but do no damage.
The adder is severely wounded.
* * * LOW HITPOINT WARNING * * *
You feel very sick. The adder bites you.
You die...

##.########
#......
#.........#
#......
#.........#
#......
#.........#
#.....)
#.........#
#......
##.########
####### #.#
#.################
#@S...............
#.################
#.# #########.#
#.......#.#
#.#####.#.# #.#
#.#.# #.# #.#.#
#.# #.#.# ####


You could see an adder.

Vanquished Creatures
  2 ball pythons (D:1)
  A bat (D:1)
  An endoplasm (D:1)
  A giant cockroach (D:1)
  A goblin (D:1)
  A frilled lizard (D:1)
  A kobold (D:1)
  3 rats (D:1)
11 creatures vanquished.

Notes
Turn   | Place    | Note
-------+----------+-------------------------------------------
     0 | D:1      | shadowrider38 the Vampire Hunter began the quest for the
                  | Orb.
     0 | D:1      | Reached XP level 1. HP: 16/16 MP: 1/1
  1083 | D:1      | Reached XP level 2. HP: 22/22 MP: 2/2
  1700 | D:1      | Slain by an adder

Illustrated notes

Levels and vault maps discovered:
D:1:      minmay_arrival_split_and_join, layout_basic
D:2:      layout_loops_ring, basic_ecumenical_altar

Skill      XL: |  1 |
---------------+----+-----
Stealth        | 3 |  3.6
Fighting       | |  1.7
Throwing       | |  3.2
Dodging        | |  2.1

Action                   || total
-------------------------++-------
Melee: Short sword       ||    19
       Bite              ||     4
       Whip              ||    21
Armor: Leather armour    ||     6
       Scale mail        ||     4
Dodge: Dodged            ||    26

Table legend: (Time is in decaauts)
 A = Elapsed time spent in this place.
 B = Non-inter-level travel time spent in this place.
 C = Inter-level travel time spent in this place.
 D = Time resting spent in this place.
 E = Time spent auto-exploring this place.
 F = Levels seen in this place.
 G = Mean time per level.
                   A        B        C        D        E       F      G
               +--------+--------+--------+--------+--------+-----+--------+
         Total |   1703 |   1500 |    203 |    425 |    663 |   2 |  851.5 |
       Dungeon |   1703 |   1500 |    203 |    425 |    663 |   2 |  851.5 |
               +--------+--------+--------+--------+--------+-----+--------+

Top non-repeatable levels by time:
     D:1: 1680 daAuts
     D:2: 22 daAuts
